AoeStats
← YeomaN8162

Enclosed

504224796Analyzed
1v1 RM · 28d ago on Sep 4, 2026· 25m 16s· 2 players
Game mode
Random Map
Map size
Tiny (2 player)
Population
200
Speed
Normal
Resources
Standard
Victory
Conquest
Starting age
Dark Age
Ending age
Imperial Age
RankedLock teamsTeams togetherTeam positionsShared explorationLock speedFull tech treeHidden civsTurbo modeCheats
Victory
Defeat
🇨🇳 Burgundians · China
1407
+17
🇬🇧 Sicilians · United Kingdom
1425
-17
确认过眼神
8:43 Feudal Age
8:20 Double-Bit Axe
9:48 Bow Saw
10:52 Loom
10:51 Horse Collar
18:46 Castle Age
17:23 Gold Mining
17:53 Scale Barding Armor
18:02 Heavy Plow
18:38 Wheelbarrow
18:42 Forging
20:20 Chain Barding Armor
21:33 Husbandry
25:15 Gold Shaft Mining
YeomaN8162
10:44 Feudal Age
14:34 Fletching
16:12 Padded Archer Armor
19:35 Castle Age
20:02 Elite Skirmisher
21:15 Bodkin Arrow
22:44 Loom
24:12 Wheelbarrow
Connection lost

Rejoining the realm…

Still unreachable

The connection could not be restored.

Session expired

The server has moved on; the page needs a fresh start.